 Dungeon Crawl Stone Soup version 0.26-a0-428-g4b0bbb2 (webtiles) character file.

Game seed: 11567625200905979384

2944 Dorkslayer the Grappler (level 9, 0/83 HPs)
             Began as a Troll Monk on July 25, 2020.
             Was a High Priest of Okawaru.
             Slain by a two-headed ogre
             ... wielding a +0 giant club
              (14 damage)
             ... on level 8 of the Dungeon.
             The game lasted 00:22:29 (6096 turns).

Dorkslayer the Grappler (Troll Monk)                Turns: 6096, Time: 00:22:29

Health: 0/83       AC: 11    Str: 20    XL:     9   Next: 51%
Magic:  11/11      EV:  6    Int:  6    God:    Okawaru [*****.]
Gold:   133        SH:  0    Dex: 16    Spells: 8/8 levels left

rFire    . . .     SeeInvis .     - Unarmed
rCold    + + .     Faith    .   (no shield)
rNeg     . . .     Spirit   .   w - +2 robe {rC+}
rPois    .         Reflect  .   (helmet restricted)
rElec    .         Harm     .   x - +0 cloak
rCorr    .                      (gloves unavailable)
MR       .....                  (boots unavailable)
Stlth    ++++......             (no amulet)
HPRegen  0.63/turn              u - ring of protection from cold
MPRegen  0.12/turn              (no ring)

@: lethally poisoned (0 -> -1), held, hasted, very quick
A: large, unfitting armour, claws 3, molten scales 1, thin skeletal structure 1,
camouflage 1, regeneration 1, shaggy fur 1, tough skin 3, weak 1
a: Heroism, Finesse, Renounce Religion


You were on level 8 of the Dungeon.
You worshipped Okawaru.
Okawaru was extremely pleased with you.
You visited 1 branch of the dungeon, and saw 8 of its levels.

You collected 353 gold pieces.
You spent 220 gold pieces at shops.

Inventory:

Missiles
 p - 4 atropa-tipped darts
 s - 2 throwing nets
 B - 4 boomerangs
 C - 8 javelins
 F - 6 curare-tipped darts (quivered)
Armour
 w - a +2 robe of cold resistance (worn)
 x - a +0 cloak (worn)
Jewellery
 u - a ring of protection from cold (left claw)
Wands
 e - a wand of disintegration (9)
 m - a wand of flame (33)
 v - a wand of digging (5)
 y - a wand of acid (11)
 z - a wand of iceblast (9)
Scrolls
 a - a scroll of fear {unknown}
 b - 6 scrolls of teleportation
 c - 3 scrolls of remove curse {unknown}
 i - 3 scrolls of magic mapping {unknown}
 j - 3 scrolls of amnesia {unknown}
 n - 3 scrolls of fog {unknown}
 t - a scroll of immolation {unknown}
 A - a scroll of enchant armour {unknown}
 D - 2 scrolls of noise {unknown}
 G - a scroll of blinking {unknown}
Potions
 d - a potion of mutation
 f - 5 potions of curing
 g - a potion of berserk rage {unknown}
 h - 2 potions of heal wounds
 k - a potion of ambrosia {unknown}
 l - 2 potions of might {unknown}
 o - a potion of stabbing
 q - a potion of invisibility
 r - 7 potions of haste
 E - a potion of degeneration {unknown}


   Skills:
 + Level 3.5 Fighting
 + Level 1.8 Throwing
 + Level 4.3 Dodging
 + Level 3.2 Stealth
 + Level 8.7 Unarmed Combat
 * Level 4.3 Invocations
 * Level 3.6 Evocations


You had 8 spell levels left.
You didn't know any spells.
Your spell library was empty.

Dungeon Overview and Level Annotations

Branches:
Dungeon (8/15)             Temple (0/1) D:6
   Lair: D:8-11

Altars:
Cheibriados
Elyvilon
Fedhas
Nemelex Xobeh
Okawaru
Sif Muna
Trog
Uskayaw
Vehumet
Xom
Yredelemnul
The Shining One

Shops:
D:6 :!}

Annotations:
D:8 Erica, Harold


Innate Abilities, Weirdness & Mutations

You are too large for most types of armour.
You have claws for hands.
Your natural rate of healing is unusually fast.
You are covered in fur. (AC +1)
You have extremely tough skin. (AC +3)
You are partially covered in molten scales. (AC +2)
You have a somewhat thin skeletal structure. (Dex +2, Stealth)
Your skin changes colour to match your surroundings (Stealth+).
You are weak. (Str -2)


Message History

You are poisoned.
You see here a throwing net.
Unknown command.
You see here a throwing net.
You tear a large gash into the net.
You feel sick. Erica barely misses you.
You see here a throwing net.
You struggle against the net.
You feel sick. The leopard gecko bites you.
Erica hits you with a +0 scimitar of flaming.
Erica burns you.
The two-headed ogre hits you with a +0 giant club!!
The two-headed ogre barely misses you.
You see here a throwing net.
Okay, then.
You see here a throwing net.
You feel yourself speed up.
You feel sick. The leopard gecko barely misses you.
Erica hits you but does no damage.
The two-headed ogre hits you with a +0 giant club!
* * * LOW HITPOINT WARNING * * *
The two-headed ogre hits you with a +0 giant club!
You die...

#...........
#...<.......
#...........
#...########
#...###
#.....#
#...#.##
#...#@.##
#....#@.#
#.....Ol....[.
###.....Y.....
#.......@....
#............
#............
##..........(
##..........


You could see Harold, Erica, a two-headed ogre, a sky beast and a leopard gecko.

Vanquished Creatures
  Grinder (D:4)
  A hippogriff (D:7)
  Sigmund (D:4)
  A water moccasin (D:7)
  Duvessa (D:5)
  2 orc warriors (D:6)
  A black bear (D:7)
  2 ogres
  An ice beast (D:6)
  2 phantoms
  2 bullfrogs (D:6)
  Blork the orc (D:4)
  Dowan (D:5)
  3 scorpions
  3 wights (D:6)
  2 howler monkeys
  A centaur zombie (D:6)
  2 bullfrog zombies
  3 orc priests
  A hound (D:5)
  2 jellies (D:7)
  3 orc wizards
  Crazy Yiuf (D:4)
  Ijyb (D:3)
  2 iguanas
  6 worker ants
  5 gnolls (D:4)
  7 adders
  A shadow imp (D:6)
  A white imp (D:5)
  2 oozes
  2 adder zombies
  2 worms
  A dart slug (D:2)
  2 leopard geckos
  22 orcs
  A ball python (D:4)
  8 bats
  7 giant cockroaches
  16 goblins
  15 hobgoblins
  18 jackals
  13 kobolds
  2 quokkas
  4 frilled lizards
  5 rats
  A plant (D:4)
182 creatures vanquished.

Notes
Turn   | Place    | Note
-------+----------+-------------------------------------------
     0 | D:1      | Dorkslayer the Troll Monk began the quest for the Orb.
     0 | D:1      | Reached XP level 1. HP: 22/22 MP: 0/0
   231 | D:1      | Reached XP level 2. HP: 25/29 MP: 1/1
   642 | D:2      | Found a basalt altar of Yredelemnul.
   651 | D:2      | Found a hide-covered altar of Uskayaw.
   651 | D:2      | Noticed a +0 dagger
   652 | D:2      | Noticed a +0 hand axe
   659 | D:2      | Reached XP level 3. HP: 36/36 MP: 2/2
   756 | D:2      | Found a bloodstained altar of Trog.
  1111 | D:2      | Found a shimmering altar of Xom.
  1184 | D:2      | Found a snail-covered altar of Cheibriados.
  1457 | D:3      | Reached skill level 4 in Unarmed Combat
  1457 | D:3      | Reached XP level 4. HP: 43/44 MP: 3/3
  1612 | D:3      | Found an iron altar of Okawaru.
  1620 | D:3      | Became a worshipper of Warmaster Okawaru
  1620 | D:3      | Reached * piety under Okawaru
  1620 | D:3      | Reached ** piety under Okawaru
  1935 | D:3      | Found a shimmering blue altar of Sif Muna.
  1986 | D:3      | Found a glowing golden altar of the Shining One.
  2001 | D:3      | Noticed Ijyb
  2011 | D:3      | Killed Ijyb
  2339 | D:3      | Reached XP level 5. HP: 39/52 MP: 4/4
  2431 | D:4      | Gained mutation: Your spells are a little easier to cast,
                  | but a little less powerful. [potion of mutation]
  2431 | D:4      | Gained mutation: You are somewhat resistant to further
                  | mutation. [potion of mutation]
  2600 | D:4      | Noticed an ogre
  2623 | D:4      | Killed an ogre
  2623 | D:4      | Reached skill level 5 in Unarmed Combat
  2623 | D:4      | Reached skill level 1 in Evocations
  2623 | D:4      | Reached XP level 6. HP: 21/59 MP: 5/5
  2659 | D:4      | Reached skill level 1 in Invocations
  2907 | D:4      | Noticed Grinder
  2911 | D:4      | Paralysed by Grinder for 5 turns
  2932 | D:4      | Killed Grinder
  2932 | D:4      | Reached XP level 7. HP: 51/67 MP: 5/7
  3018 | D:4      | Noticed Blork the orc
  3028 | D:4      | Killed Blork the orc
  3028 | D:4      | Reached *** piety under Okawaru
  3096 | D:4      | Found a blossoming altar of Fedhas.
  3209 | D:4      | Noticed Sigmund
  3216 | D:4      | Killed Sigmund
  3216 | D:4      | Reached skill level 6 in Unarmed Combat
  3240 | D:4      | Found a runed translucent door.
  3241 | D:4      | Noticed Crazy Yiuf
  3249 | D:4      | Killed Crazy Yiuf
  3340 | D:4      | Lost mutation: You are somewhat resistant to further
                  | mutation. [potion of mutation]
  3340 | D:4      | Lost mutation: Your spells are a little easier to cast, but
                  | a little less powerful. [potion of mutation]
  3340 | D:4      | Gained mutation: Potions are less effective at restoring
                  | your health. [potion of mutation]
  3340 | D:4      | Gained mutation: Your muscles are strong. (Str +2) [potion
                  | of mutation]
  3340 | D:4      | Gained mutation: Your mind is acute. (Int +2) [potion of
                  | mutation]
  3341 | D:4      | Lost mutation: Your muscles are strong. (Str +2) [potion of
                  | mutation]
  3341 | D:4      | Lost mutation: Your mind is acute. (Int +2) [potion of
                  | mutation]
  3341 | D:4      | Lost mutation: Potions are less effective at restoring your
                  | health. [potion of mutation]
  3341 | D:4      | Gained mutation: You are weak. (Str -2) [potion of
                  | mutation]
  3341 | D:4      | Gained mutation: You have a somewhat thin skeletal
                  | structure. (Dex +2, Stealth) [potion of mutation]
  3341 | D:4      | Gained mutation: You are partially covered in molten
                  | scales. (AC +2) [potion of mutation]
  3341 | D:4      | Gained mutation: Your skin changes colour to match your
                  | surroundings (Stealth+). [potion of mutation]
  3410 | D:5      | Entered Level 5 of the Dungeon
  3505 | D:5      | Reached XP level 8. HP: 73/75 MP: 8/8
  3650 | D:5      | Found a radiant altar of Vehumet.
  3934 | D:5      | Noticed Duvessa
  3936 | D:5      | Noticed Dowan
  3944 | D:5      | Killed Duvessa
  3944 | D:5      | Reached skill level 1 in Throwing
  3948 | D:5      | Killed Dowan
  4276 | D:6      | Reached skill level 7 in Unarmed Combat
  4318 | D:6      | Reached **** piety under Okawaru
  4336 | D:6      | Found Othra's Distillery.
  4339 | D:6      | Bought 2 potions of haste for 220 gold pieces
  4371 | D:6      | Found a staircase to the Ecumenical Temple.
  4506 | D:6      | Found a white marble altar of Elyvilon.
  4571 | D:6      | Found Lirphaunk's Book Shoppe.
  4771 | D:6      | Reached XP level 9. HP: 71/83 MP: 10/10
  5031 | D:6      | Found Ylizuh's Jewellery Emporium.
  5105 | D:6      | Found Kuenwem's Gadget Shoppe.
  5133 | D:6      | Reached skill level 8 in Unarmed Combat
  5673 | D:7      | Found a sparkling altar of Nemelex Xobeh.
  5689 | D:7      | Reached ***** piety under Okawaru
  5854 | D:7      | Received a gift from Okawaru
  6083 | D:8      | Noticed Erica
  6088 | D:8      | Noticed a two-headed ogre
  6091 | D:8      | Noticed Harold
  6096 | D:8      | Slain by a two-headed ogre

Illustrated notes

Levels and vault maps discovered:
D:1:      scummos_arrival_simple_fountains, layout_loops_ring,
          chequers_arboretum, minmay_fountain_box
D:2:      layout_loops_corners, nicolae_overflow_crystal_walls, bloody_trog,
          lemuel_round_altar, dancing_weapons_uskayaw, yredelemnul_altar_generic
D:3:      minmay_wonky_spiral, layout_loops_ring, tso_metal_star,
          old_standard_altar, kennysheep_small_spiral, okawaru_gym_becter,
          uniq_ijyb
D:4:      corexii_shantytown, layout_basic, fedhas_altar_fruit_tree,
          uniq_sigmund, uniq_blork_the_orc, uniq_grinder,
          uniq_crazy_yiuf_cottage
D:5:      layout_basic, lemuel_doored_altar, uniq_duvessa
D:6:      layout_loops_corners, elyvilon_altar_1, temple_green, serial_shops,
          shop, nicolae_shop_behind_doors, kennysheep_mini_moat, shop
D:7:      layout_cave_pods, nemelex_xobeh_ov_fountains_minmay
D:8:      layout_rooms, gammafunk_temple_overflow_pools,
          evilmike_ruin_ashenzari, uniq_erica, uniq_harold, uniq_maggie

Skill      XL: |  1  2  3  4  5  6  7  8  9 |
---------------+----------------------------+-----
Unarmed Combat | 4 5 6 7 8 |  8.7
Dodging        | 3 4 |  4.3
Evocations     | 1 2 3 |  3.6
Invocations    | 1 2 3 4 |  4.3
Fighting       | 3 |  3.5
Stealth        | 2 3 |  3.2
Throwing       | 1 |  1.8

Action                   |  1- 3 |  4- 6 |  7- 9 || total
-------------------------+-------+-------+-------++-------
Melee: Unarmed           |    82 |   186 |   253 ||   521
       Punch             |     3 |     3 |     9 ||    15
Throw: Dart              |       |     5 |     4 ||     9
       Boomerang         |       |       |    12 ||    12
Invok: Heroism           |       |       |     2 ||     2
  Use: Potion            |       |     2 |     3 ||     5
       Scroll            |       |       |     4 ||     4
 Stab: Sleeping          |     1 |     6 |    15 ||    22
       Invisible         |       |     3 |       ||     3
Armor: Robe              |    30 |    71 |    77 ||   178
Dodge: Dodged            |    46 |    98 |   114 ||   258

Table legend: (Time is in decaauts)
 A = Elapsed time spent in this place.
 B = Non-inter-level travel time spent in this place.
 C = Inter-level travel time spent in this place.
 D = Time resting spent in this place.
 E = Time spent auto-exploring this place.
 F = Levels seen in this place.
 G = Mean time per level.
                   A        B        C        D        E       F      G
               +--------+--------+--------+--------+--------+-----+--------+
         Total |   6040 |   6040 |      0 |    135 |    779 |   8 |  755.0 |
       Dungeon |   6040 |   6040 |      0 |    135 |    779 |   8 |  755.0 |
               +--------+--------+--------+--------+--------+-----+--------+

Top non-repeatable levels by time:
     D:4: 1027 daAuts
     D:6: 953 daAuts
     D:3: 919 daAuts
     D:5: 851 daAuts
     D:7: 835 daAuts
     D:2: 799 daAuts
     D:1: 639 daAuts
     D:8: 14 daAuts
